Map: Alcyone LE

Players

A.I. 2 (Very Easy) - Winner!

  • Race: Protoss Protoss
  • Spawn Location: 7:00

trigger

  • Race: Protoss Protoss
  • League: Grandmaster
  • Spawn Location: 1:00

VOD

Have the link to the VOD?

Description

Time

  • Played on: April 20, 2024, 5:14 p.m.
  • Length: 8:04
Show
View Real Time Build Order
Export as new Build Order

A.I. 2 (Very Easy) Protoss - Winner!

Build Orders:  

Get SALT Encoding   

  12  0:00  Probe  
  13  0:13  Probe  
  14  0:20  Pylon  
  14  0:35  Assimilator  
  14  0:42  Gateway  
  14  0:45  Pylon  
  14  1:13  Assimilator  
  14  1:16  Probe  
  14  1:24  Probe  
  15  1:32  Probe  
  16  1:33  Cybernetics Core  
  17  1:42  Probe  
  18  1:55  Probe  
  18  1:59  Warp Gate  
  19  2:03  Probe  
  20  2:10  Stalker  
  22  5:41  Zealot  
  24  5:43  Probe  
  24  5:44  Pylon  
  24  5:48  Robotics Facility  
  25  5:55  Probe  
  26  6:07  Probe  
  25  6:15  Probe  
  25  6:23  Probe  
  25  6:24  Pylon  
  27  6:34  Observer  
  27  6:38  Zealot  
  30  6:51  Observer  
  31  7:10  Probe  
  31  7:12  Zealot  
  29  7:16  Pylon  
  29  7:19  Probe  
  29  7:24  Pylon  
  24  7:30  Probe  
  24  7:36  Robotics Facility  
  24  7:41  Probe  
  24  7:42  Gateway  
Show
View Real Time Build Order
Export as new Build Order

trigger Protoss 

Build Orders: Phoenix Opening, Zealot Archon, Archon Drop 

Get SALT Encoding   

  12  0:00  Probe  
  13  0:12  Probe  
  14  0:17  Pylon  
  14  0:25  Probe (Chrono Boost)  
  16  0:36  Gateway  
  16  0:37  Probe (Chrono Boost)  
  16  0:42  Probe (Chrono Boost)  
  16  0:46  Assimilator  
  17  0:51  Probe  
  17  0:54  Assimilator  
  18  1:03  Probe (Chrono Boost)  
  19  1:09  Gateway  
  19  1:14  Probe (Chrono Boost)  
  20  1:19  Probe (Chrono Boost)  
  20  1:24  Cybernetics Core  
  21  1:29  Probe  
  22  1:35  Pylon  
  22  1:41  Probe  
  23  1:54  Probe  
  24  2:00  Sentry, Stalker  
  28  2:06  Warp Gate  
  28  2:12  Pylon  
  28  2:27  Nexus  
  28  2:30  Sentry, Phoenix  
  28  2:34  Probe  
  31  2:40  Shield Battery  
  31  2:42  Sentry  
  33  2:46  Probe  
  34  2:58  Probe  
  35  3:06  Pylon  
  35  3:10  Probe  
  35  3:11  Robotics Facility  
  36  3:18  Phoenix  
  36  3:22  Probe  
  37  3:34  Probe (Chrono Boost)  
  37  3:39  Forge  
  39  3:45  Probe x2 (Chrono Boost)  
  40  3:50  Probe (Chrono Boost)  
  40  3:52  Probe  
  40  3:53  Stalker x2  
  46  4:00  Immortal (Chrono Boost), Probe  
  47  4:05  Probe  
  52  4:13  Protoss Ground Weapons Level 1 (Chrono Boost), Probe  
  53  4:17  Probe  
  53  4:22  Phoenix  
  54  4:25  Probe, Pylon  
  54  4:29  Probe  
  56  4:34  Observer (Chrono Boost)  
  56  4:37  Assimilator, Probe  
  58  4:39  Assimilator  
  58  4:41  Probe  
  58  4:43  Twilight Council  
  59  4:49  Probe  
  59  4:52  Immortal (Chrono Boost)  
  60  4:53  Probe  
  60  4:59  Pylon  
  65  5:01  Probe  
  66  5:13  Gateway x2  
  66  5:16  Gateway  
  66  5:18  Gateway  
  66  5:21  Charge (Chrono Boost)  
  66  5:26  Warp Prism (Chrono Boost)  
  66  5:35  Gateway  
  68  5:39  Gateway  
  68  5:44  Templar Archives  
  68  5:48  Pylon  
  68  5:59  Zealot  
  68  6:00  Zealot  
  68  6:02  Pylon  
  72  6:05  Probe  
  73  6:22  High Templar x4, Zealot x2  
  73  6:24  Pylon  
  85  6:26  Archon x2  
  85  6:29  Nexus  
  85  6:42  Zealot x2  
  85  6:43  Zealot x2  
  93  6:55  Zealot x4  
  101  7:05  Pylon  
  101  7:07  Pylon  
  101  7:25  Zealot x7  
  115  7:38  Gateway  
  115  7:40  Probe x2 (Chrono Boost)  
  115  7:43  Probe (Chrono Boost)  
  119  7:52  Probe x2 (Chrono Boost)  
Tags
 
Composition
Zealot Archon
Matchup
PvP
Player
trigger
Spawn Locations
Cross Positions
Strategy
Archon Drop
Add a new tag
Caveats
  • Supply blocks, unpowered buildings, or Contaminate may cause inaccurate times.
  • Supply counts are checked every 10 seconds.